Map: Frozen Temple

Players

Pokebunny - Winner!

  • Race: Terran Terran
  • League: Grandmaster

RuFF

  • Race: Terran Terran
  • League: Grandmaster

VOD

Have the link to the VOD?

Description

Time

  • Played on: April 6, 2016, 11:37 p.m.
  • Length: 5:00
Show
View Real Time Build Order
Export as new Build Order

Pokebunny Terran - Winner!

Build Orders: 1/1/1 

Get SALT Encoding   

  12  0:01  SCV  
  13  0:13  SCV  
  14  0:17  Supply Depot  
  14  0:25  SCV  
  15  0:32  Refinery  
  15  0:39  SCV  
  16  0:44  Barracks  
  16  0:51  SCV  
  17  1:03  SCV  
  18  1:05  Refinery  
  18  1:15  SCV  
  19  1:31  Orbital Command  
  19  1:32  Marine  
  20  1:34  Factory  
  20  1:43  Supply Depot  
  20  1:49  Marine  
  21  1:57  SCV  
  22  2:09  Barracks Reactor  
  22  2:11  SCV  
  23  2:18  Starport  
  23  2:20  Factory Tech Lab  
  23  2:25  SCV  
  24  2:30  Supply Depot  
  24  2:39  Siege Tank  
  24  2:40  SCV  
  28  2:46  Marine x2  
  30  2:55  Medivac  
  32  2:58  Supply Depot  
  32  3:01  SCV  
  32  3:05  Marine  
  34  3:06  Marine  
  35  3:14  Siege Tank  
  35  3:19  SCV  
  39  3:22  Marine  
  39  3:24  Marine  
  40  3:40  Marine  
  41  3:42  Marine  
  41  3:44  Medivac  
  41  3:47  Supply Depot  
  44  3:49  SCV  
  45  3:58  Marine  
  45  3:59  Marine  
  47  4:08  Siege Tank  
  50  4:12  Supply Depot  
  50  4:16  Viking  
  52  4:20  Marine  
Show
View Real Time Build Order
Export as new Build Order

RuFF Terran 

Build Orders:  

Get SALT Encoding   

  12  0:01  SCV  
  13  0:13  SCV  
  14  0:18  Supply Depot  
  14  0:25  SCV  
  15  0:31  Refinery  
  15  0:40  SCV  
  16  0:45  Barracks  
  16  0:52  SCV  
  16  0:55  Refinery  
  17  1:04  SCV  
  18  1:16  SCV  
  19  1:28  SCV  
  19  1:32  Barracks Reactor  
  20  1:42  Factory  
  20  1:43  Orbital Command  
  20  1:51  Supply Depot  
  20  2:07  Reaper  
  20  2:08  Reaper  
  22  2:11  SCV  
  23  2:21  Supply Depot  
  23  2:23  SCV  
  23  2:27  Armory  
  24  2:31  Widow Mine  
  26  2:40  Reaper x2, SCV  
  29  2:52  SCV  
  29  2:54  Supply Depot  
  30  3:00  Factory Tech Lab  
  30  3:13  Marine  
  30  3:14  Marine  
  30  3:18  SCV  
  30  3:19  Thor  
  38  3:44  Marine x2  
  38  3:46  SCV  
  41  4:02  Thor  
  39  4:38  SCV  
  34  4:43  Command Center  
Tags
 
Add a new tag
Caveats
  • Supply blocks, unpowered buildings, or Contaminate may cause inaccurate times.
  • Supply counts are checked every 10 seconds.